Map: Selva profunda EE

Players

ScottAbrams

  • Race: Protoss Protoss
  • League: Gold
  • Spawn Location: 7:00

Iconkalashka

  • Race: Protoss Protoss
  • Spawn Location: 7:00

anesthetic

  • Race: Zerg Zerg
  • Spawn Location: 7:00

TATORREA - Winner!

  • Race: Protoss Protoss
  • League: Gold
  • Spawn Location: 3:00

tigro - Winner!

  • Race: Terran Terran
  • League: Bronze
  • Spawn Location: 1:00

MrFercho - Winner!

  • Race: Zerg Zerg
  • League: Gold
  • Spawn Location: 1:00

VOD

Have the link to the VOD?

Description

Time

  • Played on: Aug. 2, 2020, 8:25 p.m.
  • Length: 21:39
Show
View Real Time Build Order
Export as new Build Order

ScottAbrams Protoss 

Build Orders:  

Get SALT Encoding   

  12  0:02  Probe (Chrono Boost)  
  13  0:12  Probe (Chrono Boost)  
  14  0:17  Pylon  
  14  0:23  Probe  
  15  0:46  Probe  
  16  0:55  Forge  
  16  0:58  Probe  
  16  1:01  Gateway  
  17  1:17  Pylon  
  16  1:20  Pylon  
  16  1:22  Probe  
  17  1:40  Photon Cannon  
  16  2:07  Photon Cannon  
  16  2:08  Pylon  
  16  2:10  Probe  
  17  2:16  Assimilator  
  17  2:22  Probe (Chrono Boost)  
  18  2:23  Assimilator  
  18  2:30  Photon Cannon  
  18  2:31  Probe (Chrono Boost)  
  18  2:37  Pylon, Probe  
  20  2:46  Cybernetics Core  
  20  2:47  Pylon  
  20  2:51  Probe (Chrono Boost)  
  21  3:03  Probe (Chrono Boost)  
  22  3:06  Photon Cannon  
  22  3:08  Probe (Chrono Boost)  
  22  3:10  Protoss Ground Weapons Level 1 (Chrono Boost)  
  23  3:29  Warp Gate  
  23  3:36  Pylon  
  23  3:52  Stalker  
  23  3:55  Photon Cannon  
  25  4:05  Probe  
  26  4:10  Gateway  
  26  4:30  Nexus  
  26  4:40  Twilight Council  
  26  4:42  Probe  
  27  4:50  Pylon  
  27  4:59  Probe  
  28  5:01  Protoss Shields Level 1 (Chrono Boost)  
  28  5:11  Probe  
  29  5:16  Blink  
  29  5:23  Probe  
  29  5:26  Stalker  
  32  5:31  Stalker  
  34  5:40  Gateway  
  34  5:56  Stalker  
  36  5:58  Pylon  
  36  6:05  Stalker  
  36  6:08  Probe (Chrono Boost)  
  40  6:19  Probe (Chrono Boost)  
  40  6:22  Probe (Chrono Boost)  
  40  6:23  Probe (Chrono Boost)  
  42  6:31  Stalker  
  42  6:32  Probe  
  45  6:42  Stalker  
  45  6:43  Stalker  
  49  6:49  Protoss Ground Weapons Level 2 (Chrono Boost)  
  45  7:01  Stalker  
  45  7:19  Stalker x2  
  49  7:30  Probe (Chrono Boost)  
  49  7:33  Assimilator  
  51  7:37  Assimilator  
  51  7:40  Probe (Chrono Boost)  
  51  7:41  Probe (Chrono Boost)  
  52  7:45  Stalker x2  
  52  7:47  Probe (Chrono Boost)  
  52  7:49  Probe (Chrono Boost)  
  58  7:53  Probe  
  59  7:59  Gateway, Probe  
  59  8:02  Gateway  
  59  8:05  Probe  
  59  8:06  Pylon  
  59  8:11  Probe  
  54  8:26  Stalker x3  
  48  8:51  Zealot x3  
  54  8:56  Probe  
  55  9:05  Photon Cannon  
  55  9:07  Photon Cannon  
  55  9:08  Stalker x2, Probe  
  55  9:09  Protoss Shields Level 2, Pylon  
  60  9:30  Zealot x3  
  49  9:36  Probe (Chrono Boost)  
  40  9:45  Probe (Chrono Boost)  
  40  9:47  Photon Cannon  
  40  9:50  Photon Cannon, Probe (Chrono Boost)  
  40  9:52  Photon Cannon  
  41  9:55  Stalker, Photon Cannon  
  41  9:57  Photon Cannon  
  43  10:01  Charge  
  43  10:02  Probe (Chrono Boost)  
  45  10:11  Probe (Chrono Boost)  
  46  10:14  Probe (Chrono Boost)  
  46  10:16  Zealot  
  49  10:22  Probe (Chrono Boost)  
  49  10:23  Probe (Chrono Boost)  
  50  10:31  Stalker  
  50  10:33  Probe (Chrono Boost)  
  49  11:00  Stalker x3  
  49  11:01  Stalker x2  
  57  11:38  Stalker x5  
  67  11:42  Probe  
  66  11:56  Probe (Chrono Boost)  
  66  11:59  Probe (Chrono Boost)  
  68  12:05  Probe (Chrono Boost)  
  70  12:08  Probe (Chrono Boost)  
  70  12:10  Probe (Chrono Boost)  
  71  12:18  Probe  
  71  12:22  Probe  
  73  12:30  Probe  
  73  12:34  Probe  
  75  12:46  Nexus  
  51  13:00  Pylon  
  51  13:03  Stalker  
  51  13:04  Stalker x4  
  61  13:09  Protoss Ground Weapons Level 3 (Chrono Boost)  
  61  13:23  Photon Cannon  
  61  13:25  Photon Cannon  
  61  13:26  Pylon  
  61  13:29  Photon Cannon  
  61  13:33  Stalker  
  63  13:35  Zealot  
  63  13:38  Zealot  
  67  13:43  Stalker  
  70  14:03  Stalker x2, Probe (Chrono Boost)  
  70  14:07  Probe (Chrono Boost)  
  75  14:15  Stalker  
  75  14:16  Probe (Chrono Boost)  
  79  14:17  Probe (Chrono Boost)  
  79  14:25  Probe  
  80  14:32  Nexus  
  80  14:34  Pylon  
  80  14:37  Pylon, Probe  
  81  14:40  Probe  
  82  14:49  Probe  
  82  14:52  Assimilator, Probe  
  84  14:55  Assimilator  
  84  15:03  Photon Cannon  
  84  15:05  Photon Cannon  
  84  15:06  Photon Cannon  
  84  15:11  Photon Cannon  
  84  15:29  Probe  
  84  15:33  Photon Cannon  
  85  15:38  Photon Cannon  
  85  15:39  Photon Cannon  
  86  15:44  Probe (Chrono Boost)  
  86  15:45  Probe (Chrono Boost)  
  87  15:52  Stalker x2  
  87  15:54  Probe (Chrono Boost)  
  87  15:56  Probe (Chrono Boost)  
  93  15:59  Probe (Chrono Boost)  
  93  16:00  Protoss Ground Armor Level 1, Stalker  
  96  16:10  Probe  
  97  16:11  Photon Cannon  
  97  16:13  Pylon  
  97  16:17  Pylon  
  97  16:23  Probe  
  98  16:35  Probe  
  91  16:45  Stalker x2  
  91  16:46  Stalker x2  
  85  16:47  Probe  
  85  16:53  Stalker  
  56  17:12  Stalker x4  
  53  17:21  Stalker  
  28  17:35  Probe (Chrono Boost)  
  30  17:45  Probe (Chrono Boost)  
  30  17:50  Dark Shrine, Probe (Chrono Boost)  
  31  18:01  Probe  
  32  19:02  Dark Templar x2  
  32  19:03  Dark Templar x3  
  34  19:36  Dark Templar  
  34  19:37  Dark Templar  
  34  19:38  Dark Templar x2  
  40  19:39  Dark Templar  
  32  20:12  Dark Templar x4  
  32  20:13  Dark Templar  
Show
View Real Time Build Order
Export as new Build Order

Iconkalashka Protoss 

Build Orders:  

Get SALT Encoding   

  12  0:00  Probe (Chrono Boost)  
  13  0:09  Probe (Chrono Boost)  
  14  0:14  Probe (Chrono Boost)  
  15  0:26  Pylon  
  15  0:31  Assimilator  
  15  0:44  Probe  
  16  0:51  Gateway  
  16  0:56  Probe  
  17  1:04  Forge  
  17  1:12  Probe (Chrono Boost)  
  18  1:21  Assimilator  
  18  1:23  Probe (Chrono Boost)  
  19  1:27  Probe (Chrono Boost)  
  20  1:38  Probe  
  20  1:39  Cybernetics Core  
  21  1:43  Pylon  
  21  1:53  Photon Cannon  
  21  2:05  Probe (Chrono Boost)  
  23  2:15  Probe (Chrono Boost)  
  23  2:20  Probe (Chrono Boost)  
  24  2:33  Pylon  
  24  2:35  Gateway  
  24  2:42  Warp Gate (Chrono Boost)  
  24  2:44  Pylon  
  24  2:59  Nexus  
  24  3:03  Assimilator  
  24  3:06  Assimilator  
  24  3:12  Photon Cannon  
  24  3:22  Gateway  
  24  3:32  Photon Cannon  
  24  3:36  Protoss Shields Level 1 (Chrono Boost)  
  24  3:46  Pylon  
  24  3:59  Shield Battery  
  24  4:05  Gateway  
  24  4:10  Pylon  
  24  4:14  Probe (Chrono Boost)  
  25  4:23  Probe (Chrono Boost)  
  26  4:28  Probe (Chrono Boost)  
  27  4:37  Twilight Council  
  27  4:40  Probe  
  27  4:42  Gateway  
  28  4:46  Pylon  
  28  4:52  Probe  
  29  5:04  Probe  
  30  5:11  Blink (Chrono Boost)  
  30  5:22  Probe (Chrono Boost)  
  30  5:25  Stalker  
  30  5:27  Stalker  
  35  5:32  Probe (Chrono Boost)  
  35  5:33  Stalker  
  38  5:37  Probe (Chrono Boost)  
  38  5:38  Stalker, Protoss Ground Weapons Level 1 (Chrono Boost)  
  41  5:48  Probe  
  42  5:52  Robotics Facility  
  42  5:53  Photon Cannon  
  42  6:00  Probe  
  43  6:05  Sentry  
  43  6:07  Sentry  
  43  6:09  Sentry x2  
  51  6:13  Probe (Chrono Boost)  
  52  6:25  Probe (Chrono Boost)  
  53  6:29  Zealot  
  53  6:30  Zealot x2  
  53  6:31  Probe (Chrono Boost)  
  60  6:32  Zealot  
  60  6:36  Zealot  
  60  6:39  Probe  
  65  6:51  Probe  
  66  7:04  Charge  
  58  7:30  Zealot x2  
  58  7:31  Zealot x3  
  68  7:40  Probe (Chrono Boost)  
  68  7:42  Protoss Shields Level 2 (Chrono Boost)  
  69  7:45  Immortal  
  69  7:50  Probe (Chrono Boost)  
  74  7:55  Probe (Chrono Boost)  
  74  7:56  Stalker  
  77  7:59  Adept  
  77  8:00  Adept  
  77  8:01  Adept  
  77  8:03  Stalker  
  85  8:25  Observer  
  86  8:46  Observer  
  77  9:36  Pylon  
  77  9:39  Warp Prism  
  77  9:41  Photon Cannon  
  79  9:47  Pylon  
  79  9:50  Shield Battery  
  79  9:53  Probe  
  80  10:05  Probe  
  81  10:12  Dark Shrine  
  81  10:16  Immortal  
  81  10:17  Gateway  
  81  10:19  Pylon  
  81  10:21  Pylon  
  85  10:22  Gateway  
  85  10:27  Gateway  
  85  10:47  Nexus  
  85  10:52  Assimilator  
  85  10:55  Observer  
  85  10:56  Assimilator  
  86  10:59  Pylon  
  86  11:01  Pylon  
  86  11:02  Pylon  
  86  11:11  Pylon  
  86  11:13  Pylon  
  86  11:16  Pylon  
  86  11:21  Pylon  
  86  11:24  Zealot  
  86  11:25  Pylon, Zealot x3  
  91  11:26  Zealot x2  
  91  11:27  Zealot x2  
  91  11:28  Pylon  
  91  11:30  Pylon  
  101  11:33  Pylon  
  101  11:35  Pylon  
  101  11:38  Photon Cannon  
  101  11:39  Photon Cannon  
  101  11:43  Photon Cannon  
  101  12:07  Probe (Chrono Boost)  
  102  12:13  Shield Battery  
  102  12:17  Photon Cannon, Probe (Chrono Boost)  
  102  12:22  Probe (Chrono Boost)  
  98  12:31  Zealot x2  
  98  12:32  Zealot x3  
  98  12:33  Zealot x2  
  98  12:34  Probe, Zealot  
  110  12:46  Probe (Chrono Boost)  
  110  12:49  Protoss Ground Weapons Level 2  
  111  12:58  Probe (Chrono Boost)  
  112  13:04  Probe (Chrono Boost)  
  112  13:05  Dark Templar x3  
  117  13:06  Dark Templar x2  
  117  13:07  Dark Templar x2  
  117  13:08  Dark Templar  
  117  13:12  Probe  
  130  13:24  Probe  
  131  13:29  Photon Cannon  
  131  13:32  Photon Cannon x2  
  131  13:35  Photon Cannon  
  131  13:39  Photon Cannon  
  131  15:11  Nexus  
  131  15:23  Protoss Shields Level 3, Assimilator  
  131  15:28  Assimilator  
  131  15:30  Gateway  
  131  15:33  Gateway  
  131  15:38  Robotics Bay  
  131  15:47  Robotics Facility  
  131  15:51  Immortal  
  135  16:30  Immortal  
  139  16:48  Zealot x4  
  139  16:49  Zealot x4  
  139  16:50  Zealot x2  
  60  18:21  Protoss Ground Armor Level 1, Stalker  
  60  18:22  Stalker x4  
  60  18:23  Stalker, Sentry x2  
  60  18:24  Sentry  
  60  18:25  Sentry  
  80  18:41  Immortal  
  80  18:42  Immortal  
  84  19:21  Immortal x2  
  76  19:49  Zealot x3  
  76  19:50  Zealot x4  
  76  19:51  Zealot x3  
  96  20:00  Immortal x2  
  84  20:22  Stalker  
  84  20:23  Stalker x4  
  84  20:24  Stalker x3  
  84  20:25  Stalker x2  
  84  20:54  Dark Templar x2  
  84  20:55  Dark Templar x4  
Show
View Real Time Build Order
Export as new Build Order

anesthetic Zerg 

Build Orders: Hatch First 

Get SALT Encoding   

  12  0:01  Drone  
  13  0:09  Drone  
  14  0:16  Overlord  
  14  0:23  Extractor  
  14  0:24  Drone  
  15  0:35  Drone  
  15  0:36  Drone  
  17  0:45  Drone  
  18  0:59  Hatchery  
  18  1:01  Drone  
  18  1:05  Drone  
  19  1:16  Spawning Pool  
  18  1:19  Drone  
  19  1:27  Drone  
  20  1:38  Drone  
  21  1:41  Extractor  
  20  1:51  Drone  
  21  2:00  Drone  
  22  2:10  Queen  
  22  2:15  Queen  
  26  2:17  Zergling x4  
  28  2:25  Zergling x2, Hatchery  
  28  2:32  Overlord  
  28  2:53  Drone x2  
  28  2:54  Drone x3  
  28  2:55  Drone  
  34  3:08  Drone  
  34  3:09  Drone  
  34  3:11  Lair  
  36  3:19  Metabolic Boost  
  36  3:25  Overlord  
  36  3:30  Overlord  
  35  3:35  Queen  
  34  3:43  Zergling x2  
  34  3:44  Zergling x12  
  40  4:10  Overlord  
  40  4:24  Overseer, Drone  
  40  4:25  Drone x4  
  40  4:26  Drone x5  
  40  4:27  Queen  
  52  4:33  Drone  
  53  4:39  Drone  
  53  4:43  Extractor  
  53  4:46  Hydralisk Den, Drone x2  
  53  4:47  Drone  
  53  4:48  Evolution Chamber  
  53  4:50  Spore Crawler  
  53  4:51  Drone  
  54  4:53  Drone  
  54  4:57  Drone  
  57  5:00  Drone  
  57  5:04  Spore Crawler  
  57  5:05  Drone  
  57  5:07  Drone x2  
  57  5:10  Drone x2  
  54  5:30  Muscular Augments  
  54  5:33  Overlord  
  54  5:34  Zergling x12  
  60  5:38  Zerg Ground Armor Level 1  
  60  5:39  Zergling x2  
  60  5:40  Zergling x6  
  64  5:49  Spine Crawler  
  63  5:52  Zergling x2  
  63  5:53  Zergling x4, Spine Crawler  
  63  5:54  Drone x3  
  68  5:58  Extractor  
  68  5:59  Zergling x4  
  68  6:00  Extractor  
  68  6:02  Drone  
  69  6:06  Overlord  
  69  6:07  Extractor  
  69  6:08  Extractor  
  66  6:28  Hatchery  
  63  6:37  Zergling x2  
  63  6:38  Zergling x20  
  56  6:43  Zergling x2  
  47  6:56  Zergling x2  
  47  6:57  Zergling x4  
  45  7:04  Zergling x2  
  45  7:05  Zergling x4  
  40  7:12  Zergling x4  
  39  7:30  Drone x4  
  42  7:38  Drone  
  42  7:39  Drone x2  
  42  7:40  Queen  
  42  7:42  Queen  
  48  7:45  Queen  
  48  7:49  Drone x4  
  43  8:00  Hydralisk  
  43  8:01  Hydralisk x3  
  51  8:06  Hydralisk x2  
  54  8:15  Queen  
  56  8:34  Grooved Spines  
  56  8:37  Zergling x2  
  56  8:38  Zergling x26  
  70  8:44  Zergling x2  
  71  8:53  Zergling x6  
  74  9:10  Drone x5  
  77  9:23  Zergling x14  
  75  9:32  Zergling x2  
  75  9:33  Extractor, Zergling x6  
  75  9:39  Hydralisk  
  77  9:55  Burrow  
  77  9:58  Overseer  
  77  10:06  Drone  
  77  10:07  Drone x5  
  80  10:09  Spine Crawler  
  82  10:15  Drone x3  
  82  10:16  Drone x3  
  88  10:42  Overlord x2  
  73  10:52  Overseer  
  73  11:09  Zergling x20  
  73  11:10  Zergling x20  
  87  11:28  Roach Warren  
  86  11:33  Zergling x16, Infestation Pit  
  93  11:49  Drone x3  
  93  11:50  Overlord  
  96  11:59  Hydralisk x4  
  84  12:25  Zergling x2, Roach  
  84  12:26  Zergling x20  
  97  12:37  Spine Crawler  
  97  12:40  Spine Crawler  
  97  12:41  Spine Crawler  
  94  12:44  Zergling x2, Spine Crawler  
  94  12:45  Zergling x14  
  94  12:51  Overlord, Drone x3  
  104  12:57  Hive  
  104  12:59  Zerg Ground Armor Level 2  
  104  13:03  Evolution Chamber  
  104  13:04  Glial Reconstitution  
  76  13:58  Overlord, Drone x4  
  76  13:59  Overlord  
  76  14:00  Drone  
  81  14:03  Drone  
  81  14:04  Overlord, Drone x4  
  81  14:06  Drone  
  81  14:07  Drone x4  
  81  14:09  Extractor  
  90  14:10  Overlord x5  
  90  14:11  Extractor  
  89  14:20  Ultralisk Cavern  
  88  14:26  Overlord  
  88  14:27  Overlord, Drone x2  
  88  14:28  Lurker Den, Drone  
  90  14:31  Drone  
  90  14:32  Drone x11  
  102  14:55  Pneumatized Carapace  
  102  15:09  Ultralisk  
  102  15:10  Ultralisk x5  
  138  15:25  Zerg Ground Armor Level 3  
  138  15:26  Zerg Melee Weapons Level 1  
  138  15:27  Adrenal Glands  
  138  15:29  Zergling x2  
  138  15:31  Ultralisk  
  138  15:32  Overlord  
  138  15:34  Swarm Host  
  148  15:40  Zergling x2  
  148  15:41  Zergling x4  
  151  15:56  Ultralisk  
  157  15:57  Ultralisk x2  
  169  16:16  Ultralisk x2  
  169  16:17  Ultralisk  
  187  16:47  Overseer  
  187  16:48  Overseer  
  187  16:50  Hatchery  
  170  17:09  Hydralisk  
  170  17:10  Hydralisk x14  
  148  17:35  Hydralisk x5  
  148  17:36  Hydralisk x8  
  162  17:41  Lurker x3  
  162  17:42  Lurker  
  168  17:44  Lurker x2  
  168  17:46  Lurker  
  168  17:47  Lurker  
  168  17:48  Lurker  
  171  18:21  Overseer  
  130  18:44  Roach, Hydralisk  
  130  18:45  Hydralisk x18  
  130  18:46  Hydralisk  
  97  19:35  Zergling x2  
  97  19:36  Zergling x28  
Show
View Real Time Build Order
Export as new Build Order

TATORREA Protoss - Winner!

Build Orders: Chargelot Immortal 

Get SALT Encoding   

  12  0:04  Probe  
  13  0:17  Probe  
  14  0:28  Pylon  
  14  0:29  Probe  
  15  0:46  Probe  
  16  0:53  Gateway  
  16  0:58  Probe  
  17  1:10  Probe  
  18  1:40  Probe (Chrono Boost)  
  19  1:50  Probe (Chrono Boost)  
  20  1:55  Probe (Chrono Boost)  
  20  1:56  Assimilator  
  20  1:59  Pylon  
  21  2:06  Probe (Chrono Boost)  
  22  2:10  Cybernetics Core  
  21  2:24  Assimilator  
  21  2:33  Gateway  
  21  2:35  Pylon  
  21  2:38  Gateway  
  21  2:39  Pylon  
  21  2:42  Pylon  
  21  2:43  Probe  
  22  2:50  Warp Gate (Chrono Boost)  
  22  3:01  Stalker  
  24  3:14  Gateway  
  24  3:37  Probe  
  24  3:38  Nexus  
  25  4:04  Zealot  
  25  4:07  Zealot x3  
  33  4:16  Twilight Council  
  33  4:29  Probe (Chrono Boost)  
  34  4:40  Probe (Chrono Boost)  
  34  4:45  Probe (Chrono Boost)  
  35  4:50  Robotics Facility  
  35  4:51  Charge (Chrono Boost)  
  35  4:52  Probe  
  37  4:53  Gateway  
  37  4:58  Zealot  
  39  5:03  Zealot  
  39  5:05  Probe  
  42  5:08  Probe  
  43  5:17  Probe  
  43  5:20  Probe  
  45  5:26  Zealot  
  45  5:27  Zealot  
  49  5:29  Probe  
  49  5:32  Probe, Zealot  
  53  5:41  Probe, Zealot  
  56  5:45  Probe  
  57  5:51  Zealot  
  57  5:54  Probe, Zealot  
  57  5:57  Probe  
  63  5:58  Zealot  
  63  6:01  Zealot  
  67  6:06  Probe  
  67  6:09  Probe  
  69  6:16  Assimilator  
  69  6:18  Assimilator, Probe  
  70  6:27  Pylon  
  70  6:30  Pylon  
  70  6:43  Probe x2  
  56  7:06  Zealot x3  
  56  7:07  Zealot x2  
  64  7:13  Immortal (Chrono Boost)  
  64  7:15  Blink (Chrono Boost)  
  56  7:30  Forge  
  56  7:31  Forge  
  56  7:33  Forge  
  56  7:36  Probe x2  
  58  7:39  Zealot x2  
  58  7:40  Zealot  
  64  7:45  Immortal  
  64  7:46  Zealot  
  64  7:47  Zealot  
  70  8:01  Zealot x3  
  72  8:09  Zealot x2  
  72  8:12  Protoss Ground Armor Level 1 (Chrono Boost), Protoss Ground Weapons Level 1 (Chrono Boost), Protoss Shields Level 1 (Chrono Boost)  
  62  8:23  Zealot x2  
  62  8:24  Warp Prism  
  62  8:25  Zealot  
  52  8:57  Zealot x4  
  52  8:58  Zealot  
  60  9:09  Immortal  
  64  9:19  Stalker x3  
  64  9:20  Stalker  
  64  9:24  Zealot  
  70  9:48  Immortal (Chrono Boost)  
  74  9:52  Zealot  
  74  9:56  Zealot  
  78  10:00  Zealot  
  78  10:06  Nexus  
  80  10:09  Pylon  
  80  10:10  Pylon  
  80  10:12  Protoss Shields Level 2, Protoss Ground Weapons Level 2  
  80  10:20  Protoss Ground Armor Level 2  
  80  10:38  Zealot x2  
  80  10:39  Zealot x2  
  88  10:43  Zealot  
  90  10:53  Probe x2  
  92  11:05  Probe x2  
  94  11:17  Probe  
  95  11:33  Assimilator  
  95  11:36  Assimilator  
  95  11:43  Zealot x2  
  95  11:44  Zealot x3  
  105  11:47  Immortal (Chrono Boost)  
  105  11:53  Probe x3  
  112  12:05  Probe x3  
  115  12:08  Templar Archives  
  115  12:13  Adept  
  117  12:46  Probe x2  
  117  12:49  Probe  
  114  13:08  Pylon  
  114  13:11  Nexus  
  114  13:13  Pylon  
  114  13:14  Pylon  
  114  13:16  Protoss Ground Weapons Level 3 (Chrono Boost)  
  114  13:17  Protoss Shields Level 3 (Chrono Boost), Protoss Ground Armor Level 3 (Chrono Boost), Pylon  
  114  13:18  Psionic Storm  
  114  13:19  Pylon  
  114  13:20  Assimilator  
  114  13:25  Assimilator, Pylon  
  114  13:27  Immortal  
  118  13:32  Pylon  
  118  13:48  Gateway  
  118  13:50  Gateway  
  118  13:54  Gateway  
  118  13:59  High Templar x5  
  128  14:03  Archon  
  128  14:04  Archon  
  128  14:08  Immortal (Chrono Boost)  
  132  14:19  Probe x3  
  135  14:31  Probe x4  
  136  14:36  Zealot x2  
  136  14:37  High Templar  
  136  14:38  High Templar x2  
  147  14:42  Archon  
  147  14:43  Probe x4  
  147  14:45  Archon  
  153  14:55  Probe  
  154  15:17  Gateway  
  154  15:19  Gateway  
  154  15:22  Gateway  
  154  15:23  Nexus  
  154  15:24  Pylon  
  154  15:25  Gateway  
  154  15:27  Pylon  
  154  15:28  Gateway  
  154  15:35  Gateway  
  154  15:36  High Templar  
  154  15:37  High Templar x5  
  154  15:38  High Templar x2  
  154  15:40  Archon  
  154  15:41  Gateway, Immortal (Chrono Boost), Archon  
  154  15:42  Archon x2  
  170  15:43  Gateway  
  170  15:48  Gateway  
  174  15:50  Gateway  
  174  15:57  Assimilator  
  174  16:01  Assimilator  
  174  16:10  Zealot x4  
  174  16:11  Zealot x3  
  184  16:13  Observer (Chrono Boost)  
  184  16:17  Zealot x2  
  193  16:18  Zealot  
  193  16:21  Zealot  
  197  16:28  Photon Cannon  
  197  16:30  Photon Cannon  
  197  16:31  Photon Cannon  
  197  16:32  Photon Cannon  
  197  16:35  Photon Cannon  
  197  16:38  Robotics Bay  
  195  17:06  Stalker  
  195  17:07  Stalker  
  195  17:18  Zealot  
  195  17:19  Zealot x3  
  195  17:20  Zealot x2  
  171  17:35  Zealot x3  
  171  17:36  Zealot x4  
  171  17:37  Zealot x3  
  183  17:38  Zealot  
  183  17:39  Zealot x2  
  183  17:40  Zealot x2  
  183  17:41  Zealot  
  189  17:55  Zealot x2  
  189  17:56  Zealot x6  
  189  17:57  Zealot  
  189  17:58  Zealot  
  175  18:22  Zealot x4  
  175  18:23  Zealot x4  
  175  18:24  Zealot x4  
  109  19:23  Colossus (Chrono Boost)  
  109  19:24  Extended Thermal Lance (Chrono Boost)  
  79  19:39  Zealot x5  
  79  19:40  Zealot x2  
  79  19:41  High Templar x2  
  79  19:42  High Templar  
  79  19:43  High Templar x5  
  79  19:44  High Templar x3  
  115  19:47  Archon x4  
  115  19:48  Archon  
  114  20:03  Nexus  
  114  20:05  Pylon  
  114  20:07  Pylon  
  114  20:14  Colossus (Chrono Boost)  
  114  20:53  Zealot  
  114  20:54  Zealot x3  
  114  20:55  Zealot x5  
  114  20:56  Zealot  
  114  20:57  Zealot x4  
  128  20:59  Zealot  
  128  21:03  Zealot x3  
  116  21:27  Zealot  
  116  21:28  Zealot x5  
  116  21:29  Zealot x3  
  116  21:30  Zealot x2  
Show
View Real Time Build Order
Export as new Build Order

tigro Terran - Winner!

Build Orders:  

Get SALT Encoding   

  12  0:14  SCV  
  12  0:17  Supply Depot  
  13  0:26  SCV  
  14  0:46  SCV  
  14  0:48  Barracks  
  15  0:53  Refinery  
  15  0:58  SCV  
  16  1:10  SCV  
  17  1:22  SCV  
  18  1:35  Marine  
  19  1:43  Refinery  
  19  1:53  Marine  
  20  2:08  SCV  
  21  2:10  Marine  
  21  2:12  Factory  
  22  2:20  SCV  
  23  2:30  Engineering Bay  
  23  2:44  Supply Depot  
  23  2:50  Orbital Command  
  23  3:01  Factory Tech Lab  
  23  3:05  Marine  
  23  3:07  Supply Depot  
  24  3:17  SCV  
  25  3:23  Marine, Siege Tank  
  29  3:29  SCV  
  30  3:41  SCV  
  31  3:53  Barracks Tech Lab, SCV  
  31  3:54  Starport  
  32  3:55  Siege Tank  
  32  3:57  Terran Infantry Weapons Level 1  
  35  4:25  Combat Shield  
  35  5:01  Refinery  
  35  5:02  Medivac  
  35  5:06  Command Center  
  34  5:42  Marine  
  34  5:44  Stimpack  
  34  5:47  Starport Tech Lab  
  35  5:51  Terran Infantry Armor Level 1  
  35  6:00  Marine, Missile Turret  
  36  6:18  Marine  
  36  6:19  Refinery  
  36  6:20  Missile Turret  
  36  6:22  SCV  
  38  6:34  SCV  
  38  6:36  Marine  
  40  6:43  Missile Turret  
  40  6:46  SCV  
  41  6:54  Marine  
  42  6:58  SCV  
  38  7:10  SCV  
  38  7:11  Marine  
  38  7:12  Missile Turret  
  38  7:13  Siege Tank  
  42  7:29  Marine  
  43  7:34  Armory  
  43  7:41  Missile Turret  
  45  7:47  Marine  
  44  7:58  Medivac  
  44  8:05  Marine  
  47  8:23  Marine  
  47  8:26  Barracks  
  48  8:28  Viking  
  50  8:40  Marine  
  46  8:58  Viking, Marine  
  44  9:16  Marine  
  45  9:28  Viking  
  47  9:34  Marine  
  48  9:40  Barracks Reactor  
  48  9:48  Terran Infantry Weapons Level 2  
  48  9:52  Marine, Fusion Core  
  49  9:53  Terran Vehicle Weapons Level 1  
  49  9:58  Viking, Siege Tank  
  54  10:06  SCV  
  55  10:18  SCV  
  56  10:23  Marine x3  
  59  10:30  Thor, SCV  
  66  10:40  Marine  
  66  10:41  Marine x2  
  66  10:42  SCV  
  70  10:48  Weapon Refit  
  70  10:54  SCV  
  71  10:58  Marine  
  71  10:59  Marine x2  
  66  11:16  Marine x3  
  58  11:34  Marine x3  
  58  11:43  Planetary Fortress  
  58  11:47  Terran Vehicle And Ship Armor Level 1  
  58  11:52  Marine x3  
  61  11:55  Medivac  
  63  12:04  Terran Infantry Armor Level 2  
  63  12:09  Marine  
  63  12:10  Marine x2  
  66  12:25  Battlecruiser  
  66  12:27  Marine  
  66  12:28  Rapid Reignition System, Marine x2  
  75  12:31  Missile Turret  
  75  12:45  Marine x3  
  78  12:56  Missile Turret  
  78  13:27  Supply Depot  
  78  13:41  Terran Ship Weapons Level 1  
  78  13:48  Marine x2  
  78  13:49  Battlecruiser  
  78  13:50  Supply Depot  
  86  14:12  Marine x2  
  86  14:14  Supply Depot  
  88  14:20  Neosteel Armor  
  88  14:23  Command Center  
  88  14:53  Thor, Battlecruiser  
  88  14:58  Missile Turret  
  100  15:19  Missile Turret  
  100  15:30  Refinery  
  100  15:35  Thor  
  100  15:39  Planetary Fortress, Refinery  
  100  15:41  Missile Turret  
  106  15:57  Battlecruiser  
  106  16:00  Hi-Sec Auto Tracking  
  106  16:02  Missile Turret  
  112  16:18  Thor  
  73  16:57  Terran Infantry Weapons Level 3  
  73  17:01  Battlecruiser, Siege Tank  
  82  17:10  Marine  
  82  17:11  Marine x2  
  85  17:28  Marine x3  
  88  17:33  Siege Tank  
  79  17:46  Marine x3  
  76  18:04  Marine x3  
  76  18:05  Thor  
  79  18:06  Battlecruiser  
  91  18:22  Marine  
  92  19:09  Medivac  
  73  19:37  Marine x3  
  70  19:39  Medivac  
  70  19:42  Thor  
  71  19:55  Marine x3  
  74  20:10  Battlecruiser  
  74  20:13  Marine x3  
  83  20:25  Thor  
  89  20:30  Marine  
  89  20:31  Marine x2  
  86  20:48  Marine x3  
  89  21:06  Marine x3  
Show
View Real Time Build Order
Export as new Build Order

MrFercho Zerg - Winner!

Build Orders: Pool First 

Get SALT Encoding   

  12  0:00  Drone  
  13  0:13  Overlord  
  13  0:17  Drone  
  14  0:37  Spawning Pool  
  14  0:38  Drone  
  14  0:41  Drone  
  15  0:46  Drone  
  16  1:25  Hatchery  
  16  1:26  Zergling x6  
  18  1:38  Zergling x2  
  19  1:42  Queen  
  21  1:55  Zergling x2  
  21  1:58  Overlord  
  22  2:18  Drone  
  23  2:29  Drone  
  24  2:34  Drone  
  25  2:43  Extractor, Drone x2  
  26  2:49  Drone  
  27  2:54  Drone x3  
  27  2:55  Queen  
  27  2:57  Queen  
  34  2:59  Drone x2  
  36  3:11  Overlord  
  36  3:12  Overlord  
  35  3:41  Drone x6  
  38  4:00  Drone  
  38  4:01  Drone x4  
  43  4:09  Drone  
  44  4:25  Extractor  
  44  4:28  Zergling x8  
  44  4:30  Hatchery, Queen  
  48  4:35  Metabolic Boost  
  48  4:36  Lair  
  48  4:38  Zergling x4  
  50  4:44  Drone  
  51  4:46  Evolution Chamber  
  49  4:55  Zergling x2  
  49  4:56  Zergling x2  
  51  5:02  Zergling x2, Overlord x2  
  51  5:03  Overlord  
  52  5:15  Zerg Melee Weapons Level 1  
  52  5:27  Zergling x6  
  52  5:28  Zergling x4  
  57  5:38  Zergling x14  
  64  5:44  Overlord x2  
  64  5:51  Zergling x2  
  65  5:59  Zergling x2  
  65  6:00  Zergling x8  
  70  6:13  Zergling x10  
  74  6:30  Zergling x10  
  74  6:31  Zergling x10  
  72  6:44  Zergling x6  
  68  6:59  Zergling x16  
  68  7:00  Zergling x4  
  67  7:13  Zergling x6  
  60  7:17  Zergling x4  
  60  7:21  Zerg Melee Weapons Level 2  
  61  7:26  Zergling x10  
  53  7:51  Zergling x16  
  59  8:02  Zergling x18  
  59  8:03  Baneling Nest  
  59  8:04  Overlord  
  60  8:29  Zergling x24  
  60  8:30  Zergling x2  
  72  8:39  Zergling x2  
  72  8:40  Zergling x4  
  58  8:50  Extractor  
  58  8:52  Zergling x8  
  58  8:53  Zergling x10  
  66  9:03  Zergling x8  
  66  9:35  Extractor, Drone x12  
  66  9:38  Extractor, Hatchery  
  66  9:39  Extractor, Zerg Missile Weapons Level 1  
  66  9:44  Baneling x12  
  66  9:45  Baneling x6  
  59  10:17  Infestation Pit  
  59  10:19  Hydralisk Den  
  57  10:22  Evolution Chamber  
  57  10:28  Pneumatized Carapace  
  56  10:42  Burrow  
  52  10:56  Muscular Augments  
  46  11:16  Hydralisk  
  46  11:17  Hydralisk x4  
  56  11:24  Zergling x10  
  56  11:25  Zergling x52  
  83  11:26  Zergling x4  
  89  11:36  Drone x3  
  92  11:52  Hydralisk Den  
  91  12:08  Grooved Spines  
  85  12:27  Drone  
  85  12:28  Drone x4  
  85  12:29  Drone  
  84  12:30  Drone  
  77  12:40  Hydralisk x7  
  77  12:41  Hydralisk x10  
  94  12:52  Hatchery  
  93  13:04  Lurker Den  
  92  13:10  Hive  
  92  13:14  Hydralisk  
  94  13:33  Nydus Network  
  93  13:56  Drone x2  
  93  13:57  Drone  
  93  13:58  Drone x2  
  93  13:59  Drone  
  93  14:02  Drone x2  
  101  14:03  Drone x6  
  101  14:04  Drone x4  
  101  14:05  Drone  
  101  14:07  Overlord  
  101  14:08  Overlord x2  
  112  14:17  Zerg Missile Weapons Level 2  
  112  14:22  Zerg Ground Armor Level 1  
  112  14:54  Hatchery  
  111  15:11  Adrenal Glands  
  111  15:13  Hydralisk x5  
  111  15:14  Hydralisk x4  
  129  15:35  Overlord x4  
  129  15:37  Lurker x4  
  129  15:39  Lurker x2  
  129  15:40  Lurker  
  136  15:51  Seismic Spines  
  136  16:16  Overlord x3, Zerg Melee Weapons Level 3  
  127  16:48  Adaptive Talons  
  127  16:53  Hydralisk  
  127  16:54  Hydralisk x17  
  141  17:20  Hydralisk  
  141  17:21  Hydralisk x7  
  116  18:23  Hydralisk x15  
  116  18:24  Hydralisk x2  
  150  18:42  Extractor x2  
  148  18:58  Zerg Missile Weapons Level 3, Zerg Ground Armor Level 2  
  148  19:15  Hydralisk x5  
  102  20:30  Hydralisk x8  
  102  20:31  Hydralisk x13  
  144  20:40  Hydralisk x2  
  148  20:44  Overlord x2  
  148  20:45  Zergling x2  
  148  20:46  Zergling x28  
  153  21:07  Overseer  
  153  21:08  Overseer x3  
Tags
 
Add a new tag
Caveats
  • Supply blocks, unpowered buildings, or Contaminate may cause inaccurate times.
  • Supply counts are checked every 10 seconds.